 Dungeon Crawl Stone Soup version 0.28.0-45-g0d030f2227 (webtiles) character file.

Game seed: 10093359646816408764

9 seaoflcl the Vexing (level 2, -1/20 HPs)
             Began as a Human Enchanter on Apr 24, 2022.
             Slain by a gnoll
             ... wielding a +1 spear of freezing
              (7 damage)
             ... on level 1 of the Dungeon.
             The game lasted 00:01:08 (642 turns).

seaoflcl the Vexing (Human Enchanter)                Turns: 642, Time: 00:01:09

Health: -1/20      AC:  2    Str:  8    XL:     2   Next: 20%
Magic:  5/5        EV: 12    Int: 15    God:
Gold:   16         SH:  0    Dex: 13    Spells: 5/5 levels left

rFire   . . .      SeeInvis .   d - +1 mace (protect)
rCold   . . .      Faith    .   (no shield)
rNeg    . . .      Spirit   .   b - +0 robe
rPois   .          Reflect  .   (no helmet)
rElec   .          Harm     .   (no cloak)
rCorr   .          Rampage  .   (no gloves)
Will    .....                   (no boots)
Stlth   ++........              (no amulet)
HPRegen 0.06/turn               (no ring)
MPRegen 0.09/turn               (no ring)

@: no status effects
A: no striking features
a: no special abilities


You were on level 1 of the Dungeon.
You visited 1 branch of the dungeon, and saw 1 of its levels.

You collected 16 gold pieces.

Inventory:

Hand Weapons
 a - a +1 dagger
 d - a +1 mace of protection (weapon)
Armour
 b - a +0 robe (worn)
Scrolls
 e - a scroll of summoning {unknown}
 f - a scroll of immolation {unknown}
Potions
 c - a potion of invisibility


   Skills:
 + Level 0.3 Fighting
 - Level 1.1 Short Blades
 + Level 0.2 Maces & Flails
 + Level 0.4 Armour
 + Level 2.1 Dodging
 - Level 3.0 Stealth
 + Level 2.1 Spellcasting
 + Level 3.1 Hexes


You had 5 spell levels left.
You didn't know any spells.
Your spell library contained the following spells:

 Spells                   Type           Power      Damage    Failure   Level
 Ensorcelled Hibernation  Hex/Ice        12%        N/A       19%         2
 Confusing Touch          Hex            10%        N/A       19%         3
 Tukima's Dance           Hex            10%        N/A       19%         3
 Dazzling Flash           Conj/Hex       12%        N/A       34%         3
 Fireball                 Conj/Fire      0%         3d3       99%         5
 Starburst                Conj/Fire      0%         6d3       100%        6
 Ignition                 Fire           0%         3d3       100%        8


Dungeon Overview and Level Annotations

Branches:
Dungeon (1/15)

Altars:


Message History

There are no items here.
Found 17 stones.
You see here 17 stones.
Found an escape hatch in the floor.
No target in view!
Found a stone staircase leading down.
You now have 16 gold pieces (gained 12).
You pick up a book of Fire and begin reading...
You add the spells Fireball, Starburst and Ignition to your library.
There is a stone staircase leading down here.
A gnoll comes into view. It is wielding a +1 spear of freezing.
A gnoll is nearby!
A hobgoblin comes into view.
Found a sedimented orange potion.
The gnoll shouts!
The gnoll hits you from afar with a +1 spear of freezing.
The gnoll freezes you.
The gnoll hits you with a +1 spear of freezing!
* * * LOW HITPOINT WARNING * * *
The gnoll freezes you.
* * * LOW HITPOINT WARNING * * *
You are too injured to fight recklessly!
You are too injured to fight recklessly!
You are too injured to fight recklessly!
You are too injured to fight recklessly!
You are too injured to fight recklessly!
You are too injured to fight recklessly!
You are too injured to fight recklessly!
You are too injured to fight recklessly!
You are too injured to fight recklessly!
You are too injured to fight recklessly!
You are too injured to fight recklessly!
You are too injured to fight recklessly!
You are too injured to fight recklessly!
You don't know any spells.
The gnoll barely misses you. The gnoll closely misses you.
Found a stone staircase leading down.
The gnoll hits you from afar with a +1 spear of freezing!
You die...

.# #.## #......#
.# #..## #.###..#
.#
##.#.#####.#....#
.#
#............##.##
.#
##>..#####........
.# ####.##
#.#...... .#
##.##.# #g####.##
.# #.#.#.#
#.####.###
.##^###..#
#.@....... ...##
##.###########....
###.###......... #
...#.#.#.#######
##.##.##.#
.........#
.#.#####.# .#. #.#
#. ..#


You could see a gnoll.

Vanquished Creatures
  An endoplasm (D:1)
  A hobgoblin (D:1)
  3 jackals (D:1)
  A bat (D:1)
  2 rats (D:1)
8 creatures vanquished.

Notes
Turn   | Place    | Note
-------+----------+-------------------------------------------
     0 | D:1      | seaoflcl the Human Enchanter began the quest for the Orb.
     0 | D:1      | Reached XP level 1. HP: 13/13 MP: 3/3
   427 | D:1      | Reached XP level 2. HP: 19/19 MP: 5/5
   642 | D:1      | Slain by a gnoll

Illustrated notes

Levels and vault maps discovered:
D:1:      mushboom_english_gardens, layout_loops_ring

Action                   || total
-------------------------++-------
Melee: Dagger            ||    11
       Mace              ||    13
 Stab: Sleeping          ||     1
Armor: Robe              ||     3
Dodge: Dodged            ||    19
